 Dungeon Crawl Stone Soup version 0.21.1-1-g345015fe64 (webtiles) character file.

1244 Ivernyr the Charmwright (level 8, -1/56 HPs)
             Began as a Human Skald on June 8, 2018.
             Succumbed to a scorpion's poison
             ... on level 5 of the Dungeon.
             The game lasted 00:22:53 (6544 turns).

Ivernyr the Charmwright (Human Skald)               Turns: 6544, Time: 00:22:53

Health: -1/56      AC:  9    Str: 12    XL:     8   Next: 79%
Magic:  5/11       EV: 16    Int: 14    God:
Gold:   258        SH:  0    Dex: 19    Spells: 6/11 levels left

rFire    . . .     SeeInvis .   a - +0 falchion
rCold    . . .     Gourm    .   (no shield)
rNeg     . . .     Faith    .   b - +0 ring mail
rPois    .         Spirit   .   (no helmet)
rElec    .         Reflect  .   (no cloak)
rCorr    .         Harm     .   (no gloves)
MR       .....                  (no boots)
Stlth    ++........             (no amulet)
HPRegen  0.18/turn              f - ring of flight
MPRegen  0.12/turn              m - +4 ring of protection

@: agile, lethally poisoned (-1 -> -10), very slightly contaminated
A: no striking features
a: Evoke Flight


You were on level 5 of the Dungeon.
You were not hungry.

You visited 1 branch of the dungeon, and saw 6 of its levels.

You collected 258 gold pieces.

Inventory:

Hand Weapons
 a - a +0 falchion (weapon)
Armour
 b - a +0 ring mail (worn)
 p - a +0 buckler
Jewellery
 f - a ring of flight (left hand)
 m - a +4 ring of protection (right hand)
 A - an uncursed ring of see invisible {unknown}
Wands
 u - a wand of enslavement (12)
Scrolls
 e - a scroll of amnesia {unknown}
 h - 2 scrolls of random uselessness {unknown}
 j - 3 scrolls of identify {unknown}
 n - 2 scrolls of noise {unknown}
 o - 2 scrolls of fear {unknown}
 q - 2 scrolls of blinking {unknown}
 r - 3 scrolls of remove curse {unknown}
 s - a scroll of fog {unknown}
 w - a scroll of enchant weapon {unknown}
 x - 2 scrolls of teleportation {unknown}
 y - a scroll of enchant armour {unknown}
 z - a scroll of immolation {unknown}
Potions
 g - 2 potions of agility
 i - a potion of degeneration {unknown}
 k - a potion of mutation {unknown}
 v - a potion of lignification {unknown}
 B - a potion of heal wounds {unknown}
 D - a potion of magic {unknown}
Books
 c - a book of Battle

   Spells                             Type                      Level
   a - Infusion                       Charms                       1
   b - Shroud of Golubria             Charms/Translocation         2
   c - Song of Slaying                Charms                       2
   d - Spectral Weapon                Hexes/Charms                 3
   e - Regeneration                   Charms/Necromancy            3
Comestibles
 d - 7 rations


   Skills:
 - Level 2.0 Fighting
 - Level 2.0 Long Blades
 * Level 6.1 Throwing
 - Level 2.0 Armour
 - Level 2.0 Dodging
 + Level 3.7 Shields
 - Level 2.0 Spellcasting
 * Level 7.0 Charms


You had 6 spell levels left.
You knew the following spells:

 Your Spells              Type           Power        Failure   Level  Hunger
a - Shroud of Golubria    Chrm/Tloc      ##........   19%         2    ###....
b - Song of Slaying       Chrm           ###.....     4%          2    ###....
c - Infusion              Chrm           ###.         3%          1    ##.....


Dungeon Overview and Level Annotations

Branches:
Dungeon (6/15)
 Temple: D:4-7

Altars:
Cheibriados
Makhleb

Annotations:
D:4 Edmund


Message History

You hit the scorpion but do no damage.
The scorpion is lightly wounded.
The scorpion stings you but does no damage.
You hit the scorpion but do no damage.
The scorpion is lightly wounded.
The scorpion stings you!
* * * LOW HITPOINT WARNING * * *
The scorpion misses you.
You slash the scorpion!
The scorpion is heavily wounded.
The scorpion stings you but does no damage.
You hit the scorpion.
The scorpion is severely wounded.
The scorpion stings you.
* * * LOW HITPOINT WARNING * * *
You are lethally poisoned!
The scorpion poisons you!
You hit the scorpion but do no damage.
The scorpion is severely wounded.
You die...

#.###..#.(........'..##..........
#..##..#..........#...#..........
##.##..############...#..........
#..#..# #...#####'####. ##.#..#
#...#####.#.... #.#..#
#...##.........
#.#..############<..''.........
###..............##...##..._.....
..##..##########@########........
.....>.........#s##########.#####
#.##.......###............#.#
#.##.......# #............#.#
#.##.......# #............#.#
#.##.......# #............#.#
#.##.......# #............#.#
#.##.......# #..(.........#.#####
#.##.......# #............#......


You could see a scorpion.

Vanquished Creatures
  A necrophage (D:5)
  A black bear (D:5)
  The ghost of solomon12318 the Sneak, an amateur DsAs (D:3)
  4 bullfrogs
  A scorpion (D:5)
  A howler monkey (D:5)
  2 crimson imps (D:5)
  A centaur zombie (D:5)
  2 hounds
  A jelly (D:5)
  A centaur skeleton (D:5)
  A gnoll shaman (D:3)
  2 orc wizards (D:3)
  An iguana (D:4)
  2 worker ants (D:4)
  A hound skeleton (D:4)
  6 gnolls
  7 adders
  A howler monkey skeleton (D:3)
  An ooze (D:3)
  2 adder skeletons
  2 worms
  2 dart slugs
  5 leopard geckos
  10 orcs
  7 bats
  3 giant cockroaches
  5 goblins
  3 hobgoblins (D:3)
  18 jackals
  4 kobolds
  2 quokkas
  6 frilled lizards
  2 giant cockroach zombies (D:5)
  A leopard gecko zombie (D:5)
  11 rats
121 creatures vanquished.

Notes
Turn   | Place    | Note
-------+----------+-------------------------------------------
     0 | D:1      | Ivernyr the Human Skald began the quest for the Orb.
     0 | D:1      | Reached XP level 1. HP: 16/16 MP: 3/3
    86 | D:1      | Reached XP level 2. HP: 16/22 MP: 5/5
   161 | D:1      | Learned a level 2 spell: Song of Slaying
   164 | D:1      | Learned a level 2 spell: Shroud of Golubria
   200 | D:1      | Reached skill level 1 in Throwing
   605 | D:2      | Found a burning altar of Makhleb.
   702 | D:2      | Reached XP level 3. HP: 26/27 MP: 1/6
  1034 | D:2      | Reached XP level 4. HP: 33/33 MP: 5/7
  1709 | D:3      | Found a glowing drain.
  1709 | D:3      | Noticed solomon12318's ghost (amateur DsAs)
  1729 | D:2      | Reached skill level 4 in Charms
  1913 | D:2      | Reached XP level 5. HP: 38/38 MP: 3/8
  2352 | D:3      | Reached skill level 1 in Shields
  2554 | D:3      | Reached XP level 6. HP: 41/44 MP: 9/9
  2692 | D:3      | Killed solomon12318's ghost
  3125 | D:3      | Reached skill level 5 in Charms
  3454 | D:3      | Reached XP level 7. HP: 50/50 MP: 3/10
  3655 | D:4      | Noticed Edmund
  4721 | D:5      | Entered Level 5 of the Dungeon
  5213 | D:5      | Reached skill level 5 in Throwing
  5213 | D:5      | Reached skill level 6 in Charms
  5213 | D:5      | Reached XP level 8. HP: 35/56 MP: 9/11
  5781 | D:5      | Found a snail-covered altar of Cheibriados.
  6525 | D:5      | Reached skill level 7 in Charms
  6541 | D:5      | HP: 1/56 [scorpion (8)]
  6544 | D:5      | Succumbed to a scorpion's poison

Skill      XL: |  1  2  3  4  5  6  7  8 |
---------------+-------------------------+-----
Throwing       | 1 2 3 5 6 |  6.1
Armour         | 2 |  2.0
Charms         | 4 5 6 7 |  7.0
Shields        | 1 2 3 |  3.7
Fighting       | |  2.0
Long Blades    | |  2.0
Dodging        | |  2.0
Spellcasting   | |  2.0

Action                   |  1- 3 |  4- 6 |  7- 9 || total
-------------------------+-------+-------+-------++-------
Melee: Falchion          |   100 |   247 |   345 ||   692
Throw: Tomahawk          |       |       |    10 ||    10
 Cast: Shroud of Golubri |     6 |    27 |    24 ||    57
       Song of Slaying   |       |     1 |       ||     1
       Infusion          |       |     1 |       ||     1
  Use: Potion            |       |     1 |     3 ||     4
  Eat: Chunk             |     1 |    11 |    13 ||    25
Armor: Leather armour    |     6 |       |       ||     6
       Ring mail         |    48 |   116 |   186 ||   350
Dodge: Dodged            |    93 |   179 |   240 ||   512
       Rpst.: Falchion   |    30 |    58 |    73 ||   161
